 Dungeon Crawl Stone Soup version 0.31.0-11-ge490571c62 (webtiles) character file.

Game seed: 1321651710256145253

171 JoadsterXIV the Shield-Bearer (level 5, -3/33 HPs)
             Began as a Gargoyle Fighter on Jan 26, 2024.
             Slain by a gnoll
             ... wielding a +0 halberd
              (5 damage)
             ... on level 3 of the Dungeon.
             The game lasted 00:02:53 (1707 turns).

JoadsterXIV the Shield-Bearer (Gargoyle Fighter)    Turns: 1707, Time: 00:02:53

Health: -3/33      AC: 14    Str: 19 (22) XL:     5   Next: 51%
Magic:  5/5        EV:  8    Int:  5 (8)  God:
Gold:   127        SH:  4    Dex:  7 (9)  Spells: 4/4 levels left

rFire   x . .        a - +3 long sword
rCold   + + .        c - +0 buckler
rNeg    + . .        g - +0 ice dragon scales
rPois   ∞            (no helmet)
rElec   +            (no cloak)
rCorr   .            (no gloves)
SInv    .            (no boots)
Will    .....        (no amulet) Stlth
                     (no ring)
HPRegen 0.25/turn    (no ring)
MPRegen 0.09/turn

%: no passive effects
@: mighty
A: sickness immunity, AC +4, negative energy resistance 1, electricity
resistance, torment resistance 1, petrification resistance
a: no special abilities


You were on level 3 of the Dungeon.
You visited 1 branch of the dungeon, and saw 3 of its levels.

You collected 127 gold pieces.

Inventory:

Hand Weapons
 a - a +3 long sword (weapon)
 k - a +5 club
Armour
 b - a +0 scale mail
 c - a +0 buckler (worn)
 f - a +0 chain mail
 g - +0 ice dragon scales (worn)
Wands
 h - a wand of iceblast (9)


   Skills:
 + Level 4.0 Fighting
 + Level 3.5 Long Blades
 + Level 4.1 Armour
 + Level 0.1 Dodging
 + Level 4.2 Shields


You had 4 spell levels left.
You didn't know any spells.
Your spell library contained the following spells:

 Spells                   Type           Power      Damage    Failure   Level
 Chain Lightning          Conj/Air       0%         N/A       100%        9
 Fire Storm               Conj/Fire      0%         5d1       100%        9
 Shatter                  Erth           0%         3d5*      100%        9


Dungeon Overview and Level Annotations

Branches:
Dungeon (3/15)

Altars:


Innate Abilities, Weirdness & Mutations

You are immune to sickness and miasma.
Your stone body is resilient. (AC +4)
You are immune to poison.
You resist negative energy. (rN+)
You are resistant to electric shocks. (rElec)
You are resistant to unholy torment.
You are immune to petrification.


Message History

You kill the gnoll!
The bat closely misses you. The gnoll barely misses you.
The gnoll hits you but does no damage. The goblin hits you but does no damage.
The endoplasm hits you but does no damage.
You slash the dart slug!
You kill the dart slug!
The bat barely misses you. The bat hits you but does no damage.
You block the goblin's attack. The gnoll barely misses you. x2
The endoplasm barely misses you.
The gnoll hits you from afar with a +0 spear.
The goblin closely misses you. The gnoll closely misses you.
The endoplasm freezes you.
You are frozen.
You resist.
You hit the goblin.
You kill the goblin!
The bat closely misses you. The hobgoblin closely misses you.
The gnoll barely misses you.
The gnoll hits you from afar with a +0 halberd!
The endoplasm freezes you.
You are frozen.
You resist. The bat closely misses you. The gnoll hits you but does no damage.
The gnoll hits you from afar with a +0 halberd!
* * * LOW HITPOINT WARNING * * *
The endoplasm hits you but does no damage.
The bat hits you but does no damage.
Things that are here:
a +0 club; a goblin corpse Unknown command.
Unknown command.
You are too injured to fight recklessly!
Unknown command.
You slash the gnoll!
You kill the gnoll!
The bat closely misses you. The gnoll barely misses you.
The endoplasm hits you.
* * * LOW HITPOINT WARNING * * *
The hobgoblin hits you but does no damage.
Your Armour skill increases to level 4!
The gnoll hits you from afar with a +0 halberd.
You die...

#..........#
#......<...#
#..........#
#..........#
#..........###
#....?[g.....###
#(....J)........
#....@).........
######bg........
##.<.......
#.........
.........(.
.............
$..............
.............#.
.g...........#


You could see a gnoll, an endoplasm, a hobgoblin and a bat.

Vanquished Creatures
  Jessica (D:2)
  7 gnolls
  2 adders (D:2)
  2 dart slugs
  2 ball pythons
  5 bats
  4 endoplasms (D:1)
  2 giant cockroaches (D:1)
  8 goblins
  9 hobgoblins
  3 jackals (D:1)
  2 frilled lizards (D:2)
  5 kobolds
  3 rats
55 creatures vanquished.

Notes
Turn   | Place    | Note
-------+----------+-------------------------------------------
     0 | D:1      | JoadsterXIV the Gargoyle Fighter began the quest for the
                  | Orb.
     0 | D:1      | Reached XP level 1. HP: 14/14 MP: 1/1
   133 | D:1      | Reached XP level 2. HP: 19/19 MP: 2/2
   420 | D:1      | Reached XP level 3. HP: 23/23 MP: 3/3
   610 | D:1      | Found a faded altar of an unknown god.
  1242 | D:2      | Reached XP level 4. HP: 26/29 MP: 4/4
  1378 | D:2      | Noticed Jessica
  1390 | D:2      | Killed Jessica
  1391 | D:2      | Reached XP level 5. HP: 24/33 MP: 5/5
  1707 | D:3      | Slain by a gnoll

Illustrated notes

Levels and vault maps discovered:
D:1:      shiori_arrival_oz, layout_loops_ring, chequers_ecumenical_altar_grove
D:2:      layout_loops_ring, grunt_ministairs_15, uniq_jessica
D:3:      kennysheep_big_flooded_room, layout_rooms, uniq_crazy_yiuf_cottage

Skill      XL: |  1  2  3  4  5 |
---------------+----------------+-----
Long Blades    | 2 3 |  3.5
Shields        | 4 |  4.2
Fighting       | 4 |  4.0
Armour         | 4 |  4.1
Dodging        | |  0.1

Action                     |  1- 3 |  4- 6 || total
---------------------------+-------+-------++-------
  Melee: Long sword        |   134 |    54 ||   188
    Use: Scroll            |     3 |     3 ||     6
         Potion            |     1 |     3 ||     4
 Armour: Scale mail        |     8 |       ||     8
         Chain mail        |    82 |       ||    82
         Ice dragon scales |    11 |    80 ||    91
  Dodge: Dodged            |    64 |    58 ||   122
  Block: Buckler           |    29 |    31 ||    60
